[Event "Titled Tuesday Blitz May 2 Late 2023"]
[White "Ter-Sahakyan, Samvel"]
[Black "Grischuk, Alexander"]
[WhiteFideId "13302531"]
[BlackFideId "4126025"]
[WhiteElo "2566"]
[BlackElo "2727"]
[Result "1-0"]
[Round "08"]
[TimeControl "180+2"]
[Date "2023.05.02"]
[WhiteClock "0:00:05"]
[BlackClock "0:00:03"]

1. d4 Nf6 2. Nf3 d5 3. c3 c5 4. dxc5 e6 5. Be3 Be7 6. g3 O-O 7. Bg2 Nc6 8. b4 Ng4 9. Bd4 Qc7 10. h3 Nf6 11. O-O e5 12. Be3 b6 13. cxb6 axb6 14. Nbd2 h6 15. a3 Be6 16. Qb1 Rfd8 17. Rc1 b5 18. Nb3 Ne4 19. Nfd2 Nxd2 20. Bxd2 f5 21. Be3 f4 22. gxf4 exf4 23. Bd4 Rf8 24. Qg6 Bf6 25. Nc5 Qe7 26. Nxe6 Qxe6 27. Qg4 Qf7 28. Bxf6 Qxf6 29. Bxd5+ Kh8 30. Bxc6 Qxc6 31. Qf3 Qe6 32. Kh2 Rae8 33. Rc2 Qf5 34. Rd2 Re5 35. a4 bxa4 36. Rxa4 Kh7 37. Ra7 Rf6 38. Qd3 Rg6 39. Qxf5 Rxf5 40. Ra5 Rf7 41. Rda2 f3 42. exf3 Rxf3 43. Rc5 Rgf6 44. Rb2 R6f4 45. Kg2 Rd3 46. b5 Rh4 47. b6 Rdxh3 48. b7 Rh2+ 49. Kf1 Rh1+ 50. Ke2 Re4+ 51. Kd3 1-0


[Site "https://www.chess.com"]

[Event "Titled Tuesday Blitz May 2 Late 2023"]
[White "Kramnik, Vladimir"]
[Black "Deac, Bogdan-Daniel"]
[WhiteFideId "4101588"]
[BlackFideId "1226380"]
[WhiteElo "2712"]
[BlackElo "2649"]
[Result "0-1"]
[Round "08"]
[TimeControl "180+2"]
[Date "2023.05.02"]
[WhiteClock "0:00:01"]
[BlackClock "0:00:05"]

1. e4 e5 2. Nf3 Nc6 3. Bc4 Nf6 4. d3 h6 5. c3 Bc5 6. b4 Bb6 7. a4 a6 8. a5 Ba7 9. O-O d6 10. Re1 O-O 11. h3 Ne7 12. Nbd2 Ng6 13. Nf1 c6 14. Bb3 Re8 15. Be3 d5 16. Bxa7 Rxa7 17. Ng3 Be6 18. d4 dxe4 19. Nxe4 Nxe4 20. Rxe4 f5 21. Rxe5 Nxe5 22. Nxe5 Bxb3 23. Qxb3+ Qd5 24. Qc2 f4 25. Re1 Raa8 26. Re4 f3 27. gxf3 Re6 28. Kg2 Rf8 29. Qe2 Ref6 30. Rg4 Qe6 31. Qe4 Rf5 32. Rg3 R8f6 33. Ng4 Rg6 34. Ne5 Rgf6 35. Qg4 Rg5 36. Qxe6+ Rxe6 37. f4 Rf5 38. Kf3 g5 39. Rg4 Ref6 40. Nd3 Kf7 41. Ke4 Kg6 42. fxg5 hxg5 43. f4 Kh6 44. fxg5+ Rxg5 45. Nc5 Rf7 46. c4 Rh5 47. h4 Re7+ 48. Kd3 Rf7 49. Ke4 Re7+ 50. Kd3 Rf5 51. Rg3 Rf4 52. Re3 Ref7 53. Ne6 Rxh4 54. c5 Rd7 55. Kc4 Re7 56. Kd3 Rd7 57. Kc4 Re7 58. Kd3 Rh5 59. Nf4 Rxe3+ 60. Kxe3 Rf5 61. Ke4 Rf7 62. Ke5 Kg5 63. Ne6+ Kg4 64. Kd6 Rf6 65. Ke7 Kf5 66. Nd8 Rh6 0-1


[Site "https://www.chess.com"]

[Event "Titled Tuesday Blitz May 2 Late 2023"]
[White "Ibarra Jerez, Jose Carlos"]
[Black "Firouzja, Alireza"]
[WhiteFideId "2226332"]
[BlackFideId "12573981"]
[WhiteElo "2638"]
[BlackElo "2904"]
[Result "0-1"]
[Round "08"]
[TimeControl "180+2"]
[Date "2023.05.02"]
[WhiteClock "0:00:02"]
[BlackClock "0:00:17"]

1. e4 c5 2. Nf3 e6 3. d3 Nc6 4. g3 d5 5. Qe2 Nge7 6. Bg2 g6 7. h4 h6 8. O-O Bg7 9. e5 Qc7 10. Re1 b6 11. c4 a6 12. Nc3 O-O 13. Bf4 Rd8 14. Rad1 Bb7 15. g4 Nd4 16. Nxd4 cxd4 17. Nb1 dxc4 18. dxc4 Bxg2 19. Kxg2 b5 20. b3 bxc4 21. bxc4 Rac8 22. Nd2 d3 23. Qe3 h5 24. f3 Qc6 25. Kg3 Rd7 26. Rb1 Qa4 27. Rb3 Qxa2 28. Rxd3 Rxd3 29. Qxd3 hxg4 30. fxg4 Nc6 31. Qd7 Qa3+ 32. Nf3 Qf8 33. h5 gxh5 34. gxh5 Ne7 35. Bg5 Nf5+ 36. Kh3 Rxc4 37. Qd3 Qc8 38. Rd1 Kh7 39. Bc1 Rc3 40. Qe4 Rxc1 41. Ng5+ Kg8 42. Rxc1 Qxc1 43. Qa8+ Bf8 44. Qg2 Qe3+ 45. Kh2 Qf4+ 0-1


[Site "https://www.chess.com"]

[Event "Titled Tuesday Blitz May 2 Late 2023"]
[White "Chigaev, Maksim"]
[Black "Caruana, Fabiano"]
[WhiteFideId "4108116"]
[BlackFideId "2020009"]
[WhiteElo "2547"]
[BlackElo "2837"]
[Result "0-1"]
[Round "08"]
[TimeControl "180+2"]
[Date "2023.05.02"]
[WhiteClock "0:00:54"]
[BlackClock "0:01:58"]

1. d4 Nf6 2. Bg5 d5 3. e3 c5 4. Bxf6 gxf6 5. dxc5 Nc6 6. Nd2 e5 7. Qh5 Bxc5 8. Ngf3 Be6 9. O-O-O Qc7 10. Kb1 O-O-O 11. g3 Kb8 12. Bh3 a5 13. c4 a4 14. Bxe6 fxe6 15. cxd5 exd5 16. Qg4 e4 17. Nh4 Ne5 18. Qe2 Qb6 19. Rc1 Nd3 20. Rc2 Ba3 0-1


[Site "https://www.chess.com"]

[Event "Titled Tuesday Blitz May 2 Late 2023"]
[White "Hansen, Eric"]
[Black "Fedoseev, Vladimir"]
[WhiteFideId "2606771"]
[BlackFideId "24130737"]
[WhiteElo "2561"]
[BlackElo "2752"]
[Result "0-1"]
[Round "08"]
[TimeControl "180+2"]
[Date "2023.05.02"]
[WhiteClock "0:00:01"]
[BlackClock "0:01:03"]

1. e4 e6 2. Nf3 d5 3. exd5 exd5 4. d4 Bd6 5. Bd3 Nc6 6. O-O Bg4 7. Re1+ Nge7 8. c3 Qd7 9. Nbd2 O-O 10. Qc2 Bf5 11. Nf1 Bxd3 12. Qxd3 Ng6 13. h4 h6 14. h5 Nge7 15. Ne5 Bxe5 16. dxe5 d4 17. Ng3 Rad8 18. f4 Qg4 19. Qf3 Qxf3 20. gxf3 dxc3 21. bxc3 Rd3 22. Kg2 Rxc3 23. f5 Rc2+ 24. Kh3 f6 25. e6 Nd4 26. Kg4 Rg2 0-1


[Site "https://www.chess.com"]

[Event "Titled Tuesday Blitz May 2 Late 2023"]
[White "Andreikin, Dmitry"]
[Black "Dardha, Daniel"]
[WhiteFideId "4158814"]
[BlackFideId "240990"]
[WhiteElo "2736"]
[BlackElo "2581"]
[Result "1-0"]
[Round "08"]
[TimeControl "180+2"]
[Date "2023.05.02"]
[WhiteClock "0:00:17"]
[BlackClock "0:00:01"]

1. d4 Nf6 2. c4 e6 3. Nc3 Bb4 4. Nf3 h6 5. Qc2 c5 6. dxc5 Na6 7. a3 Bxc3+ 8. Qxc3 Nxc5 9. b4 Nce4 10. Qd4 d6 11. g3 e5 12. Qe3 Be6 13. Bg2 Bxc4 14. Nh4 d5 15. Bxe4 dxe4 16. Qc5 Be6 17. Bb2 Rc8 18. Qxe5 O-O 19. Rd1 Qc7 20. O-O Qxe5 21. Bxe5 Nd5 22. Nf5 Bxf5 23. Rxd5 Bh3 24. Re1 Rc2 25. Bf4 Rfc8 26. Rd2 Rxd2 27. Bxd2 Rc2 28. Be3 a6 29. a4 b5 30. axb5 axb5 31. f3 exf3 32. exf3 Rg2+ 33. Kh1 Rb2 34. Kg1 Rxb4 35. Rd1 Rb3 36. Kf2 Rb2+ 37. Rd2 Rb1 38. Rd8+ Kh7 39. Bd4 Rd1 40. Bb6 Rh1 41. g4 Rxh2+ 42. Kg3 Rh1 43. Rd7 f6 44. Bc5 Bf1 45. Bf8 Kg8 46. Bxg7 Rh3+ 47. Kf2 Bc4 48. Bxf6 b4 49. Rc7 Bf7 50. Rc8+ Kh7 51. Rc7 Kg6 52. Be5 b3 53. Rb7 Rh1 54. f4 Rh2+ 55. Kg3 Rc2 56. f5+ Kg5 57. Rxf7 1-0


[Site "https://www.chess.com"]

[Event "Titled Tuesday Blitz May 2 Late 2023"]
[White "Babazada, Khazar"]
[Black "Bluebaum, Matthias"]
[WhiteFideId "13413554"]
[BlackFideId "24651516"]
[WhiteElo "2351"]
[BlackElo "2638"]
[Result "1-0"]
[Round "08"]
[TimeControl "180+2"]
[Date "2023.05.02"]
[WhiteClock "0:00:48"]
[BlackClock "0:00:12"]

1. Nf3 d5 2. e3 Nf6 3. c4 e6 4. b3 Bd6 5. Bb2 O-O 6. Qc2 Re8 7. g4 Nc6 8. g5 Ne4 9. h4 Nb4 10. Qd1 dxc4 11. bxc4 Bf8 12. d3 Nd6 13. a3 Nc6 14. h5 e5 15. Nbd2 Bg4 16. Be2 Qd7 17. Qc2 Rad8 18. O-O-O b5 19. c5 Nb7 20. Ne4 Bf5 21. g6 fxg6 22. hxg6 Bxg6 23. Nh4 Bf7 24. Rdg1 Qe6 25. d4 exd4 26. Ng5 d3 27. Bxd3 Rxd3 28. Nxe6 Rxe6 29. Qxd3 Nxc5 30. Qxh7+ Kxh7 31. Ng6+ Kg8 32. Rh8# 1-0


[Site "https://www.chess.com"]

[Event "Titled Tuesday Blitz May 2 Late 2023"]
[White "Bortnyk, Olexandr"]
[Black "Mekhitarian, Krikor Sevag"]
[WhiteFideId "14120828"]
[BlackFideId "2107660"]
[WhiteElo "2734"]
[BlackElo "2604"]
[Result "1-0"]
[Round "08"]
[TimeControl "180+2"]
[Date "2023.05.02"]
[WhiteClock "0:03:07"]
[BlackClock "0:00:02"]

1. d4 Nf6 2. Nc3 d5 3. Bf4 a6 4. e3 Bf5 5. Nf3 e6 6. Ne5 h6 7. g4 Bh7 8. h4 Nfd7 9. Bd3 Bxd3 10. cxd3 Nxe5 11. Bxe5 c5 12. Qb3 Qc8 13. dxc5 Nd7 14. d4 Nxe5 15. dxe5 Bxc5 16. Rc1 Ba7 17. Ke2 Qd7 18. Qa3 Qe7 19. Qxe7+ Kxe7 20. f4 Rac8 21. Kd3 Rc6 22. Ne2 Rhc8 23. Rxc6 Rxc6 24. h5 f6 25. exf6+ Kxf6 26. b3 Bb6 27. Rf1 Rc8 28. a3 Rc6 29. Rg1 Kf7 30. g5 hxg5 31. fxg5 e5 32. Rf1+ Kg8 33. Rf5 Re6 34. g6 Bd8 35. Nc3 d4 36. exd4 exd4 37. Ne4 Be7 38. b4 Rb6 39. Kxd4 Re6 40. Re5 Rxe5 41. Kxe5 Kf8 42. Ke6 Ke8 43. h6 1-0


[Site "https://www.chess.com"]

[Event "Titled Tuesday Blitz May 2 Late 2023"]
[White "Indjic, Aleksandar"]
[Black "Sanal, Vahap"]
[WhiteFideId "911925"]
[BlackFideId "6300545"]
[WhiteElo "2614"]
[BlackElo "2606"]
[Result "1/2-1/2"]
[Round "08"]
[TimeControl "180+2"]
[Date "2023.05.02"]
[WhiteClock "0:00:26"]
[BlackClock "0:00:36"]

1. d4 g6 2. c4 Bg7 3. e4 d6 4. Nc3 Nf6 5. Be2 O-O 6. Nf3 e5 7. d5 a5 8. Be3 Na6 9. Nd2 Nc5 10. b3 h5 11. f3 Nh7 12. a3 f5 13. O-O f4 14. Bf2 g5 15. b4 axb4 16. axb4 Rxa1 17. Qxa1 Na6 18. Qb2 g4 19. c5 Qg5 20. Ra1 g3 21. Be1 gxh2+ 22. Kxh2 dxc5 23. b5 Nb4 24. Nc4 h4 25. Qd2 h3 26. g4 fxg3+ 27. Bxg3 Qxd2 28. Nxd2 Nc2 29. Rg1 Kh8 30. Nc4 Re8 31. d6 cxd6 32. Nxd6 Rf8 33. Nd5 Nd4 34. Ne7 Nxe2 35. Ng6+ Kg8 36. Ne7+ Kh8 37. Ng6+ Kg8 38. Ne7+ Kh8 1/2-1/2


[Site "https://www.chess.com"]

[Event "Titled Tuesday Blitz May 2 Late 2023"]
[White "Matlakov, Maxim"]
[Black "Sieciechowicz, Marcin"]
[WhiteFideId "4168003"]
[BlackFideId "1130170"]
[WhiteElo "2666"]
[BlackElo "2302"]
[Result "1-0"]
[Round "08"]
[TimeControl "180+2"]
[Date "2023.05.02"]
[WhiteClock "0:01:24"]
[BlackClock "0:00:11"]

1. Nf3 Nf6 2. g3 d5 3. Bg2 c6 4. O-O Bf5 5. c4 h6 6. d3 Nbd7 7. cxd5 cxd5 8. Nc3 e6 9. e4 dxe4 10. dxe4 Nxe4 11. Nd4 Nxc3 12. bxc3 Nc5 13. Nxf5 Qxd1 14. Rxd1 exf5 15. Be3 Ne4 16. Rd5 g6 17. Re5+ Kd7 18. Rd1+ Kc7 19. Bf4 Kc6 20. g4 Bg7 21. gxf5 Bxe5 22. Bxe4+ Kc5 23. Bxe5 Rhe8 24. Bd4+ Kc4 25. Bxb7 Rad8 26. Ba6+ 1-0


[Site "https://www.chess.com"]

[Event "Titled Tuesday Blitz May 2 Late 2023"]
[White "Livaic, Leon"]
[Black "Maghsoodloo, Parham"]
[WhiteFideId "14531534"]
[BlackFideId "12539929"]
[WhiteElo "2509"]
[BlackElo "2647"]
[Result "1/2-1/2"]
[Round "08"]
[TimeControl "180+2"]
[Date "2023.05.02"]
[WhiteClock "0:00:03"]
[BlackClock "0:00:07"]

1. d4 Nf6 2. c4 e6 3. Nc3 Bb4 4. Qb3 a5 5. a3 Bxc3+ 6. Qxc3 O-O 7. Bg5 h6 8. Bh4 b6 9. f3 d5 10. e3 c6 11. Bd3 Ba6 12. Ne2 Nbd7 13. cxd5 Bxd3 14. Qxd3 cxd5 15. Rc1 Qe7 16. O-O Rfc8 17. Bg3 Qd8 18. Qb5 Rxc1 19. Rxc1 Rc8 20. Rc6 Nh5 21. Nc3 Nxg3 22. hxg3 Rxc6 23. Qxc6 Nf6 24. Kf2 Nh5 25. Ne2 Kh7 26. Qc2+ g6 27. Qc6 Kg7 28. b4 axb4 29. axb4 Qb8 30. b5 Qa7 31. g4 Nf6 32. Nf4 g5 33. Ne2 Qa5 34. Ng3 Qd2+ 35. Ne2 h5 36. gxh5 g4 37. Qc1 Qxc1 38. Nxc1 gxf3 39. gxf3 Ne8 40. Na2 Nd6 41. Nc3 Kh6 42. Na4 Nc4 43. e4 dxe4 44. fxe4 Kxh5 45. Ke2 Kg5 46. Kd3 Nd6 47. Nc3 f5 48. e5 Nc8 49. d5 exd5 50. Nxd5 Kg6 51. Ke3 Kf7 52. Kf4 Ke6 53. Nc7+ Kd7 54. Nd5 Ke6 55. Nc7+ Kd7 56. Nd5 Ke6 1/2-1/2


[Site "https://www.chess.com"]

[Event "Titled Tuesday Blitz May 2 Late 2023"]
[White "Henriquez Villagra, Cristobal"]
[Black "Makridis, Dimitrios"]
[WhiteFideId "3409350"]
[BlackFideId "25864475"]
[WhiteElo "2542"]
[BlackElo "2277"]
[Result "1-0"]
[Round "08"]
[TimeControl "180+2"]
[Date "2023.05.02"]
[WhiteClock "0:01:38"]
[BlackClock "0:01:08"]

1. e4 c5 2. Nc3 Nc6 3. Bb5 g6 4. Bxc6 bxc6 5. f4 Bg7 6. Nf3 d6 7. O-O Nf6 8. d3 O-O 9. Qd2 Rb8 10. b3 Qa5 11. Bb2 c4 12. Nd5 Qxd2 13. Nxe7+ Kh8 14. Nxd2 Bd7 15. Nxc4 Rfe8 16. e5 dxe5 17. fxe5 Nh5 18. Rxf7 Be6 19. Nd6 1-0


[Site "https://www.chess.com"]

[Event "Titled Tuesday Blitz May 2 Late 2023"]
[White "Duda, Jan-Krzysztof"]
[Black "Papasimakopoulos, Alexandros"]
[WhiteFideId "1170546"]
[BlackFideId "4244125"]
[WhiteElo "2790"]
[BlackElo "2359"]
[Result "1-0"]
[Round "08"]
[TimeControl "180+2"]
[Date "2023.05.02"]
[WhiteClock "0:01:54"]
[BlackClock "0:00:51"]

1. Nf3 f5 2. c4 Nf6 3. Nc3 g6 4. d3 Bg7 5. e4 d6 6. exf5 Bxf5 7. d4 O-O 8. Be2 Nc6 9. d5 Ne5 10. Nd4 Bd7 11. f4 Nf7 12. Ne6 Bxe6 13. dxe6 Nh6 14. g4 Qc8 15. g5 Qxe6 16. gxh6 Bxh6 17. f5 Qxf5 18. Bxh6 Rf7 19. Rf1 Qh3 20. Bg5 Qxh2 21. Bxf6 exf6 22. Qd4 Qe5 23. Qxe5 dxe5 24. Rd1 f5 25. c5 Kg7 26. Bc4 Re7 27. Nd5 Rd7 28. Ne3 Rxd1+ 29. Kxd1 Rf8 30. b4 h5 31. b5 e4 32. Ke2 c6 33. Rd1 f4 34. Rd7+ Kh6 35. Rxb7 cxb5 36. Be6 g5 37. c6 g4 38. c7 g3 39. Rb8 f3+ 40. Kd2 g2 41. Rxf8 g1=Q 42. Rh8+ Kg5 43. Rg8+ Kf4 44. Rxg1 f2 1-0


[Site "https://www.chess.com"]

[Event "Titled Tuesday Blitz May 2 Late 2023"]
[White "Muradli, Mahammad"]
[Black "Prohaszka, Peter"]
[WhiteFideId "13409301"]
[BlackFideId "726265"]
[WhiteElo "2558"]
[BlackElo "2626"]
[Result "1/2-1/2"]
[Round "08"]
[TimeControl "180+2"]
[Date "2023.05.02"]
[WhiteClock "0:00:04"]
[BlackClock "0:00:06"]

1. e4 c6 2. Nf3 d5 3. d3 dxe4 4. dxe4 Qxd1+ 5. Kxd1 Nf6 6. Bd3 Bg4 7. Nd2 Nbd7 8. h3 Bxf3+ 9. Nxf3 Nc5 10. Re1 Rd8 11. Ke2 Nfxe4 12. Be3 Nxd3 13. cxd3 Nf6 14. Bxa7 Nd5 15. Be3 g6 16. a4 Bg7 17. d4 O-O 18. a5 Nc7 19. Ra4 Rd5 20. Rc1 Ra8 21. Rc5 e6 22. Nd2 Bf8 23. Rxd5 Nxd5 24. Nb3 Bb4 25. Bd2 Bd6 26. g3 f6 27. Kd3 Kf7 28. Bc3 Ke7 29. Nd2 Kd7 30. Ra1 b5 31. Ne4 Be7 32. Bd2 Ra6 33. g4 f5 34. Ng3 Bb4 35. Ne2 Bxd2 36. Kxd2 Nb6 37. b3 Nc8 38. Nc1 Nd6 39. Nd3 Nb7 40. b4 Kd6 41. Ke3 Ra8 42. f3 Kc7 43. Rc1 Nd6 44. Ne5 Nc4+ 45. Nxc4 bxc4 46. Rxc4 Kd6 47. Kf4 Rb8 48. Ke3 Kd5 49. Kd3 Kd6 50. g5 h6 51. gxh6 Rh8 52. Rc3 Rxh6 53. Ra3 Rxh3 54. Kc4 Rh8 55. a6 Ra8 56. b5 Kc7 57. Kc5 cxb5 58. Kxb5 Rb8+ 59. Kc5 Rc8 60. Kb5 Kb8 61. Kb6 Rd8 62. Rc3 Rd6+ 63. Kb5 Rxd4 64. Rc6 Rd3 65. f4 Rb3+ 66. Ka5 Re3 67. Rd6 Ka7 68. Rd7+ Ka8 69. Rg7 Ra3+ 70. Kb6 Rb3+ 71. Kc6 Rb4 72. Kc5 Rxf4 73. Rxg6 Re4 74. Rf6 Re1 75. Kb6 Rb1+ 76. Kc5 Re1 77. Kb6 Rb1+ 78. Ka5 Ra1+ 79. Kb5 Rb1+ 80. Kc5 Re1 1/2-1/2


[Site "https://www.chess.com"]

[Event "Titled Tuesday Blitz May 2 Late 2023"]
[White "Kamsky, Gata"]
[Black "Martinez Ramirez, Lennis"]
[WhiteFideId "2000024"]
[BlackFideId "3509079"]
[WhiteElo "2660"]
[BlackElo "2410"]
[Result "1-0"]
[Round "08"]
[TimeControl "180+2"]
[Date "2023.05.02"]
[WhiteClock "0:00:11"]
[BlackClock "0:00:02"]

1. e4 c5 2. Nc3 Nc6 3. f4 e6 4. Nf3 d5 5. d3 b5 6. a3 Rb8 7. g3 a5 8. a4 b4 9. Nb5 Nf6 10. Qe2 Ba6 11. Bg2 Be7 12. O-O O-O 13. Re1 d4 14. b3 Bxb5 15. axb5 Rxb5 16. h4 Qc7 17. Bh3 e5 18. f5 Ne8 19. g4 f6 20. g5 Nd6 21. Kh1 Kf7 22. Rg1 Ke8 23. gxf6 gxf6 24. Bh6 Rf7 25. Rg8+ Kd7 26. Bg4 Rb8 27. Rxb8 Qxb8 28. Bh5 Rf8 29. Bxf8 Qxf8 30. Qd2 Nb5 31. Nh2 Nc3 32. Ng4 c4 33. dxc4 Nxe4 34. Qg2 Nc3 35. Re1 Kc7 36. Kh2 Qc8 37. Qf3 Qf8 38. Kh3 a4 39. bxa4 Nxa4 40. Ra1 Nb6 41. Nf2 Nxc4 42. Ra6 Nb6 43. Qe4 Qc8 44. Ra1 Qd7 45. Bf3 Qd6 46. Nd3 Qd7 47. Kg4 Qd6 48. Ra6 Qd7 49. Kh3 Kb7 50. Ra5 Kc7 51. Rb5 Qd6 52. Nc5 1-0


[Site "https://www.chess.com"]

[Event "Titled Tuesday Blitz May 2 Late 2023"]
[White "Grigoriants, Sergey"]
[Black "Sai Krishna G V"]
[WhiteFideId "4130804"]
[BlackFideId "5028280"]
[WhiteElo "2502"]
[BlackElo "2359"]
[Result "1/2-1/2"]
[Round "08"]
[TimeControl "180+2"]
[Date "2023.05.02"]
[WhiteClock "0:00:05"]
[BlackClock "0:00:13"]

1. d4 Nf6 2. c4 g6 3. f3 c5 4. d5 b5 5. e4 d6 6. cxb5 a6 7. bxa6 Bg7 8. Nc3 O-O 9. Bc4 Nfd7 10. Nge2 Ne5 11. Bb5 Bxa6 12. Bxa6 Nxa6 13. O-O c4 14. Be3 Nb4 15. Qd2 Qa5 16. Bd4 Nbd3 17. h3 Rfb8 18. Rab1 Nc5 19. Kh2 Rb4 20. f4 Ned3 21. Bxg7 Kxg7 22. Nd4 Rb7 23. f5 Ne5 24. Nc6 Qb6 25. Nxe7 f6 26. Nc6 Nxc6 27. dxc6 Qxc6 28. fxg6 hxg6 29. Qd4 Rf8 30. Qxc4 Qe8 31. Qd4 Rd7 32. Kh1 Ne6 33. Qe3 Ng5 34. Rf4 Rh8 35. Rbf1 Rf7 36. Nd5 Qe5 37. Qc3 Nxe4 38. Qd3 f5 39. Nc3 Nf6 40. R4f2 Re7 41. Kg1 Qc5 42. Kh1 Rhe8 43. Rd2 Re6 44. Qd4 Qa5 45. Rfd1 Kf7 46. b4 Qc7 47. Nd5 Nxd5 48. Qxd5 Kg7 49. Qd4+ Kh7 50. Qh4+ Kg7 51. Qd4+ Kh7 52. Qh4+ Kg7 53. Qd4+ 1/2-1/2


[Site "https://www.chess.com"]

[Event "Titled Tuesday Blitz May 2 Late 2023"]
[White "Zhigalko, Sergei"]
[Black "Pantev, Veselin"]
[WhiteFideId "13502956"]
[BlackFideId "2901390"]
[WhiteElo "2626"]
[BlackElo "2427"]
[Result "1-0"]
[Round "08"]
[TimeControl "180+2"]
[Date "2023.05.02"]
[WhiteClock "0:00:26"]
[BlackClock "0:00:02"]

1. e4 c6 2. d4 d5 3. e5 Bf5 4. Nf3 e6 5. Be2 Ne7 6. O-O Bg6 7. Nbd2 Nf5 8. Nb3 h5 9. Ne1 h4 10. Nd3 Be7 11. a4 a5 12. Bd2 Nd7 13. Qe1 b6 14. Rc1 f6 15. exf6 gxf6 16. c4 Bd6 17. Nf4 Bxf4 18. Bxf4 Kf7 19. cxd5 cxd5 20. Rc7 Rc8 21. Rb7 Re8 22. Ba6 Re7 23. Qe2 Ra8 24. Bb5 Qc8 25. Rc7 Qd8 26. Re1 Ng7 27. Bd6 Bf5 28. Bc6 Ne8 29. Bxe7 Qxc7 30. Bxa8 Kxe7 31. Bxd5 Ng7 32. Be4 Nf8 33. d5 Bxe4 34. Qxe4 e5 35. Nd4 Qd7 36. Qxh4 Qxd5 37. Rxe5+ 1-0


[Site "https://www.chess.com"]

[Event "Titled Tuesday Blitz May 2 Late 2023"]
[White "Maksimovic, Bojan"]
[Black "Martins, Bruno Andre Leite"]
[WhiteFideId "14408120"]
[BlackFideId "1942255"]
[WhiteElo "2468"]
[BlackElo "2240"]
[Result "0-1"]
[Round "08"]
[TimeControl "180+2"]
[Date "2023.05.02"]
[WhiteClock "0:00:01"]
[BlackClock "0:00:45"]

1. Nf3 Nf6 2. g3 g6 3. Bg2 Bg7 4. O-O O-O 5. d3 d5 6. Nbd2 c5 7. e4 Nc6 8. Re1 e5 9. exd5 Nxd5 10. Nc4 Re8 11. c3 b6 12. a4 Bb7 13. Qb3 Nc7 14. Bg5 Qd7 15. Nfxe5 Bxe5 16. Nxe5 Rxe5 17. Rxe5 Nxe5 18. Bxb7 Re8 19. Rd1 Ne6 20. Bf6 Qxb7 21. Bxe5 Ng5 22. d4 Nh3+ 23. Kf1 Qf3 24. Qc2 f6 25. Qd3 Qxd3+ 26. Rxd3 fxe5 27. dxe5 Ng5 28. f4 Ne6 29. Rd7 Ra8 30. Re7 Ng7 31. Ke2 h5 32. Kd3 h4 33. g4 Rd8+ 34. Ke4 Rd2 35. f5 gxf5+ 36. gxf5 Re2+ 37. Kf3 Nxf5 38. Rxa7 Rxh2 39. e6 Rxb2 40. a5 bxa5 41. Rxa5 h3 42. Ra1 h2 43. Kg4 Rf2 44. Kg5 Kf8 45. Rh1 Ng3 0-1


[Site "https://www.chess.com"]

[Event "Titled Tuesday Blitz May 2 Late 2023"]
[White "Koziorowicz, Michal"]
[Black "Holt, Conrad"]
[WhiteFideId "21809194"]
[BlackFideId "2034387"]
[WhiteElo "2255"]
[BlackElo "2592"]
[Result "1-0"]
[Round "08"]
[TimeControl "180+2"]
[Date "2023.05.02"]
[WhiteClock "0:00:20"]
[BlackClock "0:00:02"]

1. e4 e6 2. d4 d5 3. Nc3 Nf6 4. e5 Nfd7 5. f4 c5 6. Nf3 Nc6 7. Ne2 Be7 8. c3 Qb6 9. Qb3 cxd4 10. Nexd4 Nc5 11. Qxb6 axb6 12. Be3 O-O 13. Be2 Bd7 14. Nd2 Rfc8 15. Kf2 Na4 16. Rhb1 Na5 17. N4b3 Nc4 18. Nxc4 dxc4 19. Nd4 b5 20. Bf3 Bc6 21. a3 Nc5 22. Rd1 Nd3+ 23. Rxd3 cxd3 24. Rd1 Bxf3 25. Kxf3 Rc5 26. Rxd3 Rd5 27. g4 Bc5 28. Ke4 Rad8 29. Rd2 f6 30. exf6 gxf6 31. Re2 Kf7 32. Kf3 e5 33. fxe5 Rxe5 34. Rd2 h5 35. h3 hxg4+ 36. hxg4 Rh8 37. Bf4 Bxd4 38. Rxd4 Re1 39. Rd7+ Re7 40. Rd6 Rh3+ 41. Kg2 Rh7 42. Rd5 Kg6 43. Rxb5 Re2+ 44. Kf3 Rc2 45. a4 Rh1 46. Bb8 Rf1+ 47. Ke3 Re1+ 48. Kd3 Rg2 49. Rxb7 Rxg4 50. a5 Ra1 51. b4 f5 52. Be5 f4 53. Rg7+ Kf5 54. Rxg4 Kxg4 55. Bd4 f3 56. Kc4 Kg3 57. Kb5 Rd1 58. Bb6 Rd6 59. Ba7 Rd7 60. Be3 Re7 61. Bd4 Rd7 62. Bb6 Rb7 63. a6 Rxb6+ 64. Kxb6 f2 65. a7 f1=Q 66. a8=Q Qf6+ 67. Qc6 Qf2+ 68. Qc5 Qf6+ 69. Ka5 Kf3 70. b5 1-0


[Site "https://www.chess.com"]

[Event "Titled Tuesday Blitz May 2 Late 2023"]
[White "Seemann, Jakub"]
[Black "Kovalenko, Igor"]
[WhiteFideId "21874697"]
[BlackFideId "14117908"]
[WhiteElo "2364"]
[BlackElo "2574"]
[Result "1-0"]
[Round "08"]
[TimeControl "180+2"]
[Date "2023.05.02"]
[WhiteClock "0:00:13"]
[BlackClock "0:00:14"]

1. e4 c5 2. Nf3 d6 3. d4 cxd4 4. Nxd4 Nf6 5. Nc3 a6 6. Bg5 Nbd7 7. f4 h6 8. Bxf6 Nxf6 9. e5 dxe5 10. fxe5 Nd5 11. e6 Nxc3 12. exf7+ Kxf7 13. Bc4+ e6 14. O-O+ Kg8 15. bxc3 Bc5 16. Kh1 Bxd4 17. cxd4 b5 18. Bb3 Qd6 19. Qg4 Ra7 20. Rae1 Re7 21. Rf6 h5 22. Qg5 Qxd4 23. Ref1 Re8 24. Rf7 Rh6 25. h3 Kh8 26. Rc7 Rg8 27. c3 Qd3 28. Rff7 Qg6 29. Qc5 h4 30. Rf8 Qg3 31. Rcxc8 Qe1+ 32. Kh2 Qg3+ 33. Kg1 Qe1+ 34. Rf1 Qe4 35. Rxg8+ Kxg8 36. Qf8+ Kh7 37. Qf4 Qxf4 38. Rxf4 a5 39. Bc2+ Kg8 40. a4 bxa4 41. Rxa4 Rh5 42. c4 Kf7 43. Kf2 Ke7 44. Ke3 Rg5 45. Be4 Kd6 46. Kd4 Kc7 47. c5 e5+ 48. Kd5 Rg3 49. Rxa5 Rc3 50. Ra7+ 1-0


[Site "https://www.chess.com"]

[Event "Titled Tuesday Blitz May 2 Late 2023"]
[White "Ambartsumova, Karina"]
[Black "Kobo, Ori"]
[WhiteFideId "4166299"]
[BlackFideId "2812320"]
[WhiteElo "2240"]
[BlackElo "2447"]
[Result "1/2-1/2"]
[Round "08"]
[TimeControl "180+2"]
[Date "2023.05.02"]
[WhiteClock "0:00:10"]
[BlackClock "0:00:07"]

1. c4 e6 2. Nc3 d5 3. cxd5 exd5 4. d4 Nf6 5. Bg5 c6 6. e3 Be7 7. Bd3 h6 8. Bh4 O-O 9. Qc2 Ne8 10. Bxe7 Qxe7 11. Nge2 Nd6 12. O-O-O a5 13. h3 Na6 14. a3 b5 15. Nb1 Bd7 16. Nf4 Rfc8 17. Kd2 Qf6 18. Ke1 Nc7 19. Nd2 Re8 20. Kf1 Ne6 21. Nxe6 Rxe6 22. Nf3 Ne4 23. Bxe4 Rxe4 24. Ne5 Be8 25. Qc3 Qe6 26. Nd3 Qf5 27. Nc5 Re7 28. Re1 a4 29. Kg1 Rd8 30. h4 Rd6 31. Rh3 Rg6 32. Rh2 Rg4 33. Qd2 Qf6 34. g3 Qf5 35. Qd3 Qc8 36. Rg2 h5 37. Kh2 Rg6 38. f3 Rf6 39. e4 dxe4 40. fxe4 Qg4 41. e5 Rf3 42. Qe4 Qxe4 43. Rxe4 f6 44. Rd2 Bg6 45. Rf4 Re3 46. exf6 Re2+ 47. Rf2 Rxd2 48. Rxd2 gxf6 49. Kg2 Kg7 50. Kf2 Kf7 51. Re2 Rc7 52. Ke3 Bf5 53. Kf4 Bg4 54. Rd2 Rc8 55. Ne4 Rd8 56. Nc5 Rd5 57. Ne4 Kg6 58. Nc3 Rf5+ 59. Ke4 Rf3 60. Rg2 Rf1 61. d5 Bf3+ 62. Kd4 Bxg2 63. d6 Bh3 64. Ne4 Rd1+ 65. Kc5 Bd7 66. Nc3 Rd3 67. Kb6 Rxg3 68. Kc7 Bh3 69. Ne4 Re3 70. Nf2 Be6 71. Nd1 Re5 72. Nc3 c5 73. Kc6 b4 74. Nxa4 bxa3 75. bxa3 c4 76. Nc3 Kf7 77. a4 Bc8 78. a5 Ke8 79. Kc7 Rxa5 80. Kxc8 Ra8+ 81. Kc7 Ra7+ 82. Kc6 Kd8 83. Nd5 Ra6+ 84. Kc5 Ra5+ 85. Kxc4 Kd7 86. Nxf6+ Kxd6 87. Kd4 Ke6 88. Ne4 Kf5 89. Ke3 Ra3+ 90. Kf2 Kf4 91. Nf6 Ra2+ 92. Ke1 Ra5 93. Kf2 Ra2+ 94. Ke1 Ra5 95. Kf2 Rf5 96. Nd7 Kg4+ 97. Kg2 Kxh4 98. Nb6 Kg4 99. Nc4 h4 100. Ne3+ Kf4 101. Nxf5 Kxf5 102. Kh3 Kg5 103. Kh2 Kg4 104. Kh1 h3 105. Kg1 h2+ 106. Kh1 Kh3 1/2-1/2


[Site "https://www.chess.com"]